 Dungeon Crawl Stone Soup version 0.17-a0-1407-gde22cd8 (webtiles) character file.

40 Geeful the Insei (level 3, -1/23 HPs)
             Began as an Octopode Transmuter on June 22, 2015.
             Slain by a goblin
             ... wielding a +2 dagger of venom
             ... led by Robin
              (2 damage)
             ... on level 2 of the Dungeon.
             The game lasted 00:02:08 (994 turns).

Geeful the Insei (Octopode Transmuter)               Turns: 994, Time: 00:02:08

Health: -1/23      AC:  1    Str:  9    XL:     3   Next: 50%
Magic:  5/6        EV: 18    Int: 15    God:
Gold:   78         SH:  0    Dex: 18    Spells: 2 memorised, 3 levels left

rFire  . . .     SeeInvis .       - Unarmed
rCold  . . .     Clarity  .     (no shield)
rNeg   . . .     SustAt   .     (helmet restricted)
rPois  .         Gourm    .     (no amulet)
rElec  .         Spirit   .     (no ring)
rCorr  .         Warding  .     (no ring)
rMut   .         Stasis   .     (no ring)
MR     .....                    (no ring)
Stlth  ++++......               (no ring)
                                (no ring)
                                (no ring)
                                (no ring)

@: agile, lethally poisoned (-1 -> -6), appendage (expiring), not resistant to
hostile enchantments, stealthy
A: almost no armour, amphibious, 8 rings, constrict 8, tentacle spike 3,
camouflage 1, gelatinous body 1
a: End Transformation


You were on level 2 of the Dungeon.
You were not hungry.
One of your tentacles had a temporary spike.
You visited 1 branch of the dungeon, and saw 2 of its levels.

You collected 78 gold pieces.

Inventory:

Missiles
 a - 39 arrows
Scrolls
 e - a scroll of identify {unknown}
 f - a scroll of teleportation {unknown}
Books
 b - a book of Changes

   Spells                             Type                      Level
   a - Beastly Appendage              Transmutation                1
   b - Sticks to Snakes               Transmutation                2
   c - Spider Form                    Transmutation/Poison         3
   d - Ice Form                       Ice/Transmutation            4
   e - Blade Hands                    Transmutation                5
Comestibles
 c - 2 bread rations


   Skills:
 - Level 1.0 Fighting
 - Level 2.0 Dodging
 + Level 4.4 Unarmed Combat
 - Level 2.0 Spellcasting
 - Level 2.0 Transmutations


You had 3 spell levels left.
You knew the following spells:

 Your Spells              Type           Power        Failure   Level  Hunger
a - Beastly Appendage     Trmt           #.....       12%         1    #......
b - Sticks to Snakes      Trmt           #.........   14%         2    ###....


Dungeon Overview and Level Annotations

Branches:
Dungeon (2/15)

Altars:


Innate Abilities, Weirdness & Mutations

You cannot wear most types of armour.
You are amphibious.
You can wear up to eight rings at the same time.
You can use your tentacles to constrict eight enemies at once.
Your skin changes colour to match your surroundings (Stealth).
Your rubbery body absorbs attacks (AC +1).
One of your tentacles bears a large vicious spike.


Message History

The goblin hits you with a dagger of venom.
* * * LOW HITPOINT WARNING * * *
You bludgeon the goblin!
You kill the goblin!
The goblin hits you with a dagger of venom.
* * * LOW HITPOINT WARNING * * *
You tentacle-slap the goblin. Your grab misses the goblin.
The goblin is heavily wounded.
The goblin closely misses you.
You closely miss the goblin. Your grab misses the goblin.
The goblin is heavily wounded.
The goblin hits you but does no damage.
You are lethally poisoned!
Drink which item? (? for menu, Esc to quit)
It was a potion of agility.
You feel agile all of a sudden.
Your transformation is almost over.
* * * LOW HITPOINT WARNING * * *
You feel sick.
The goblin hits you with a dagger of venom.
You die...

#.# #.#
#.#####
#.#...#
#.#.#.#
#g#.#.#
#.#<#.#
#g###.##
#gg@...#
########


You could see 3 goblins.

Vanquished Creatures
  Robin (D:2)
  3 giant geckos (D:1)
  A bat (D:1)
  4 hobgoblins
  4 jackals (D:1)
  A ball python (D:1)
  A giant newt (D:1)
  9 goblins
  A rat (D:1)
25 creatures vanquished.

Notes
Turn   | Place    | Note
--------------------------------------------------------------
     0 | D:1      | Geeful the Octopode Transmuter began the quest for the Orb.
     0 | D:1      | Reached XP level 1. HP: 13/13 MP: 3/3
    51 | D:1      | Reached XP level 2. HP: 8/18 MP: 3/5
   611 | D:1      | Reached skill level 4 in Unarmed Combat
   930 | D:2      | Learned a level 2 spell: Sticks to Snakes
   945 | D:2      | Noticed Robin
   956 | D:2      | Reached XP level 3. HP: 20/23 MP: 4/6
   989 | D:2      | Killed Robin
   994 | D:2      | HP: 1/23 [poisoned by a goblin]
   994 | D:2      | Slain by a goblin

Vault maps used:
D:1:      zelgadis_glass_arrival_small, serial_glass, glass_columns_a,
          glass_columns_b, glass_columns_b, glass_columns_a, glass_columns_b,
          grunt_decor_fettered, kennysheep_nondescript, minmay_distorted
D:2:      uniq_jessica, uniq_robin

Action                   || total
-------------------------++-------
Melee: Unarmed           ||    57
 Cast: Beastly Appendage ||     5
  Use: Potion            ||     1
 Stab: Sleeping          ||     1
